 Dungeon Crawl Stone Soup version 0.14.2 (webtiles) character file.

988 KristoblXynda the Ducker (level 7, -8/59 HPs)
             Began as a Troll Wizard on Oct 26, 2021.
             Was an Initiate of Ashenzari.
             Mangled by a gnoll
             ... wielding a +0,+0 halberd
              (12 damage)
             ... on Level 5 of the Dungeon on June 7, 2022.
             The game lasted 00:07:29 (3358 turns).

KristoblXynda the Ducker (Troll Wizard)             Turns: 3358, Time: 00:07:29

HP  -8/59        AC  7     Str 21      XL: 7   Next: 46%
MP   8/8         EV 10     Int 16      God: Ashenzari [......]
Gold 252         SH  0     Dex  8      Spells:  1 memorised,  9 levels left

rFire  + . .     SeeInvis .       - Unarmed
rCold  x . .     Clarity  .     a - +0 robe
rNeg   + . .     Conserve +     (shield restricted)
rPois  .         rCorr    +     b - +0 hat
rElec  .         rRot     .     o - +1 cloak {rCorr, Cons} (curse)
SustAb . .       Spirit   .     (gloves unavailable)
rMut   .         Warding  .     (boots unavailable)
Gourm  +         Stasis   .     (no amulet)
MR     .....                    t - ring of the Tick {+Fly rF+ rC- rN+}
                                s - +5 ring of strength

@: not resistant to hostile enchantments, unstealthy
A: unfitting armour, claws 3, fast metabolism 3, gourmand, regeneration 2,
saprovore 2, shaggy fur 1, tough skin 2
a: Renounce Religion, Evoke Flight


You were on level 5 of the Dungeon.
You worshipped Ashenzari.
Ashenzari was noncommittal.
You were not hungry.

You visited 2 branches of the dungeon, and saw 6 of its levels.

You collected 252 gold pieces.

Inventory:

Armour
 a - a +0 robe (worn)
 b - a +0 hat (worn)
 o - a cursed +1 cloak of preservation (worn)
Magical devices
 u - a wand of digging (23)
Comestibles
 d - 3 meat rations
 i - a royal jelly
 j - a slice of pizza
 p - 2 pears
 q - a choko
 r - a lychee
 v - a bread ration
 A - a chunk of giant newt flesh
Scrolls
 e - 2 scrolls of enchant weapon II
 f - a scroll of curse jewellery
 g - a scroll of amnesia
 k - 2 scrolls of immolation
 w - a scroll of remove curse
 x - a scroll of teleportation
 y - a scroll of magic mapping
 z - 2 scrolls of curse armour
Jewellery
 s - a +5 ring of strength (left claw)
 t - the ring of the Tick (right claw) {+Fly rF+ rC- rN+}
   (You found it on level 4 of the Dungeon)

   [ring of flight]

   It protects you from fire.
   It makes you vulnerable to cold.
   It protects you from negative energy.
Potions
 h - a potion of heal wounds
 l - a potion of confusion
 m - a potion of restore abilities
 n - a potion of flight
 C - a potion of curing
 D - a potion of cure mutation
Books
 c - a book of Minor Magic

   Spells                             Type                      Level
   *Magic Dart                        Conjuration                  1
   Blink                              Translocation                2
   Call Imp                           Summoning                    2
   Repel Missiles                     Charms/Air                   2
   Slow                               Hexes                        2
   Conjure Flame                      Conjuration/Fire             3
   Mephitic Cloud                     Conjuration/Poison/Air       3


   Skills:
 + Level 4.4 Dodging
 - Level 1.1 Stealth
 + Level 4.4 Unarmed Combat
 - Level 2.0 Spellcasting
 + Level 3.4 Conjurations
   Level 0.6 Summonings
   Level 0.6 Translocations


You had 9 spell levels left.
You knew the following spells:

 Your Spells              Type           Power        Failure   Level  Hunger
a - Magic Dart            Conj           ##..         8%          1    #......


Dungeon Overview and Level Annotations

Branches:
Dungeon (5/15)             Temple (1/1) D:4

Altars:
Ashenzari
Cheibriados
Dithmenos
Kikubaaqudgha
Nemelex Xobeh
Okawaru
Sif Muna
Vehumet
Yredelemnul
Zin


Innate Abilities, Weirdness & Mutations

You are too large for most types of armour.
You have claws for hands.
Your metabolism is lightning-fast.
You like to eat raw meat.
You heal very quickly.
You can eat rotten meat.
You are covered in fur (AC +1).
You have very tough skin (AC +2).


Message History

You hit the gnoll but do no damage. The gnoll closely misses you.
The gnoll hits you from afar with a halberd!
* * * LOW HITPOINT WARNING * * *
You claw the gnoll!
The gnoll begins to bleed from its wounds!
The gnoll is almost dead.
The gnoll hits you with a spear.
* * * LOW HITPOINT WARNING * * *
The gnoll barely misses you.
You hit the gnoll.
You kill the gnoll!
The gnoll barely misses you. The gnoll hits you with a halberd!
* * * LOW HITPOINT WARNING * * *
You see here a cursed spear.
You hit the gnoll.
The gnoll begins to bleed from its wounds!
The gnoll is moderately wounded.
The gnoll hits you with a halberd!
You die...

#.##.#...# #.##.#>..#
#.##.#...#
###.##.###....
##..............
#.............. .
####....###....
.....#######....###....
.......>..@g..........
.....#######......#.. .
#.%....... #).....#..
#......# #......#
##...?.# .....# .....


You could see a gnoll (bleeding).

Vanquished Creatures
  A phantom (D:4)
  An ogre (D:4)
  Sigmund (D:4)
  A crimson imp (D:5)
  2 hounds
  Crazy Yiuf (D:2)
  2 orc priests (D:4)
  An orc wizard (D:4)
  A gnoll shaman (D:5)
  3 worker ants (D:4)
  2 gnolls (D:5)
  4 adders
  A shadow imp (D:5)
  A giant mite (D:4)
  2 worms (D:4)
  6 giant geckos
  9 orcs
  11 giant cockroaches
  14 goblins
  9 hobgoblins
  6 jackals
  6 kobolds
  2 quokkas
  A ball python (D:1)
  10 bats
  4 giant newts
  13 rats
  A rat zombie (D:5)
116 creatures vanquished.

Notes
Turn   | Place    | Note
--------------------------------------------------------------
     0 | D:1      | KristoblXynda, the Troll Wizard, began the quest for the Orb.
     0 | D:1      | Reached XP level 1. HP: 16/16 MP: 3/3
   171 | D:1      | Reached XP level 2. HP: 24/24 MP: 3/3
   280 | D:1      | Reached skill level 1 in Conjurations
   304 | D:1      | Reached skill level 1 in Unarmed Combat
   604 | D:1      | Reached XP level 3. HP: 31/31 MP: 5/5
  1152 | D:2      | Noticed Crazy Yiuf
  1162 | D:2      | Killed Crazy Yiuf
  1162 | D:2      | Reached XP level 4. HP: 16/39 MP: 5/5
  1180 | D:2      | Identified a +0 cloak of preservation (You took it off Crazy Yiuf on level 2 of the Dungeon)
  1628 | D:3      | Found a glowing silver altar of Zin.
  1628 | D:3      | Noticed an angel
  2075 | D:4      | Noticed a phantom
  2088 | D:4      | Killed a phantom
  2088 | D:4      | Reached skill level 3 in Dodging
  2088 | D:4      | Reached XP level 5. HP: 15/45 MP: 6/6
  2200 | D:4      | Noticed Sigmund
  2222 | D:4      | Killed Sigmund
  2222 | D:4      | Reached XP level 6. HP: 5/53 MP: 7/7
  2454 | D:4      | Got a pitted silver ring
  2546 | D:4      | Found a staircase to the Ecumenical Temple.
  2556 | Temple   | Entered the Ecumenical Temple
  2631 | Temple   | Identified the ring of the Tick {+Fly rF+ rC- rN+} (You found it on level 4 of the Dungeon)
  2631 | Temple   | Became a worshipper of Ashenzari the Shackled
  2974 | D:4      | Reached skill level 4 in Dodging
  2980 | D:4      | Reached XP level 7. HP: 57/59 MP: 8/8
  3118 | D:4      | Noticed an ogre
  3132 | D:4      | Killed an ogre
  3230 | D:5      | Entered Level 5 of the Dungeon
  3358 | D:5      | Mangled by a gnoll

Action                   |  1- 3 |  4- 6 |  7- 9 || total
-------------------------+-------+-------+-------++-------
Melee: Unarmed           |   156 |   192 |    82 ||   430
Evoke: Wand              |       |     2 |       ||     2
  Use: Potion            |     2 |       |     1 ||     3
       Scroll            |       |    12 |     3 ||    15
 Stab: Sleeping          |     1 |       |       ||     1
